 Dungeon Crawl Stone Soup version 0.26-a0-651-gb41185065b (webtiles) character file.

Game seed: 14640634243362113791

158 Alarkh the Insei (level 5, 37/37 HPs)
             Began as a Demonspawn Transmuter on Oct 30, 2020.
             Got out of the dungeon alive.
             The game lasted 00:02:23 (1880 turns).

Alarkh the Insei (Demonspawn Transmuter)            Turns: 1880, Time: 00:02:24

Health: 37/37      AC:  2    Str: 10    XL:     5   Next: 16%
Magic:  8/8        EV: 12    Int: 15    God:
Gold:   84         SH:  0    Dex: 14    Spells: 7/8 levels left

rFire    . . .     SeeInvis .     - Unarmed
rCold    . . .     Faith    .   (no shield)
rNeg     . . .     Spirit   .   a - +0 robe
rPois    .         Reflect  .   (helmet restricted)
rElec    .         Harm     .   (no cloak)
rCorr    .         Rampage  .   (no gloves)
MR       .....                  (no boots)
Stlth    ..........             (no amulet)
HPRegen  0.12/turn              c - ring of attention (curse)
MPRegen  0.11/turn              (no ring)

@: no status effects
A: antennae 1, powered by death 1
a: no special abilities


You escaped.
You visited 1 branch of the dungeon, and saw 3 of its levels.

You collected 84 gold pieces.

Inventory:

Armour
 a - a +0 robe (worn)
Jewellery
 c - a cursed ring of attention (left hand)
Scrolls
 b - a scroll of fear {unknown}
 d - 2 scrolls of random uselessness {unknown}
 e - 2 scrolls of identify
 f - 2 scrolls of enchant armour {unknown}
 i - a scroll of remove curse {unknown}
 j - a scroll of blinking {unknown}
 k - a scroll of fog {unknown}
 l - a scroll of teleportation {unknown}
Potions
 g - a potion of lignification
 h - a potion of degeneration


   Skills:
 - Level 1.0 Fighting
 - Level 1.7 Dodging
 * Level 5.4 Unarmed Combat
 - Level 2.0 Spellcasting
 - Level 1.7 Transmutations


You had 7 spell levels left.
You knew the following spells:

 Your Spells              Type           Power        Failure   Level
a - Beastly Appendage     Tmut           #.....       11%         1

Your spell library contained the following spells:

 Spells                   Type           Power        Failure   Level
 Wereblood                Tmut           #.......     16%         2
 Spider Form              Tmut/Pois      #.........   43%         3
 Ice Form                 Ice/Tmut       #.......     83%         4
 Blade Hands              Tmut           #.........   96%         5


Dungeon Overview and Level Annotations

Branches:
Dungeon (3/15)

Altars:
Dithmenos
Fedhas
Qazlal


Innate Abilities, Weirdness & Mutations

You have a pair of small antennae on your head.
You regenerate a little health from kills.


Message History

Magic restored.
You now have 84 gold pieces (gained 11).
Your extra speed is starting to run out.
You open the large door.
Found 16 stones.
You feel yourself slow down.
You feel a little less clever now.
There is a stone staircase leading up here.
You climb upwards.
There is a stone staircase leading down here.
There is a stone staircase leading up here.
You climb upwards.
There is a stone staircase leading down here.
You see here 20 poisoned darts.
You enter the shallow water.
Moving in this stuff is going to be slow.
You see here 24 stones.
There is a staircase leading out of the dungeon here.
Are you sure you want to leave the Dungeon?
This will make you lose the game!
You have escaped!

###...#
#.##PP≈#####.####.#
#.###
#≈≈P##.#..........# #.#
#PP≈##.#.###.######
#.#####≈PP.(.#†# #.#
#...≈P≈#####.#.###.#
#.##P≈≈#
#.#..##.#########
#.##PPP#
###.#..##..........
#P≈P##.#
#...#....####.#####
#PP≈##.###.@.#.........#
#
#≈P≈.........#....####.#
# ##############..###
#.# # #.## ##......##
#.# # #######
##.###.##...#.## #.# #
......#
##.#.####.###.###.### #
#####.# ##.## #.##
##......# # ....#.# #.#
##.###.###.#.# # ###.#.#
#.# ##.#.## #...# #


There were no monsters in sight!

Vanquished Creatures
  An orc priest (D:3)
  An orc wizard (D:3)
  4 adders (D:2)
  An ooze (D:1)
  A dart slug (D:2)
  2 leopard geckos (D:1)
  8 orcs (D:3)
  3 giant cockroaches
  3 hobgoblins
  3 jackals (D:1)
  A quokka (D:3)
  A ball python (D:1)
  8 bats
  A frilled lizard (D:1)
  7 goblins
  A kobold (D:1)
  6 rats
52 creatures vanquished.

Vanquished Creatures (others)
  3 plants (D:2)
3 creatures vanquished.

Grand Total: 55 creatures vanquished

Notes
Turn   | Place    | Note
-------+----------+-------------------------------------------
     0 | D:1      | Alarkh the Demonspawn Transmuter began the quest for the
                  | Orb.
     0 | D:1      | Reached XP level 1. HP: 15/15 MP: 3/3
   165 | D:1      | Reached skill level 3 in Unarmed Combat
   224 | D:1      | Gained mutation: You regenerate a little health from kills.
                  | [demonic ancestry]
   224 | D:1      | Reached XP level 2. HP: 18/21 MP: 5/5
   816 | D:1      | Reached XP level 3. HP: 19/26 MP: 6/6
  1043 | D:2      | Reached skill level 4 in Unarmed Combat
  1263 | D:2      | Found a blossoming altar of Fedhas.
  1285 | D:2      | Found a blossoming altar of Fedhas.
  1314 | D:2      | Reached XP level 4. HP: 23/32 MP: 5/7
  1614 | D:3      | Found a stormy altar of Qazlal.
  1637 | D:3      | Reached skill level 5 in Unarmed Combat
  1700 | D:3      | Found a shadowy altar of Dithmenos.
  1733 | D:3      | Lost mutation: You have a pair of horns on your head.
                  | [demonic ancestry]
  1733 | D:3      | Lost mutation: You have a pair of small horns on your head.
                  | [demonic ancestry]
  1733 | D:3      | Gained mutation: You have a pair of small antennae on your
                  | head. [demonic ancestry]
  1733 | D:3      | Reached XP level 5. HP: 37/37 MP: 5/8
  1880 | D:$      | Got out of the dungeon alive.

Illustrated notes

Levels and vault maps discovered:
D:1:      psy_arrival_conway, layout_loops_ring
D:2:      layout_basic, old_standard_altar, fedhas_altar_3
D:3:      layout_rooms, grunt_qazlal_sundering, grunt_dithmenos_smoke,
          old_standard_altar, kennysheep_cross_room

Skill      XL: |  1  2  3  4 |
---------------+-------------+-----
Unarmed Combat | 3 4 5 |  5.4
Fighting       | |  1.0
Dodging        | |  1.7
Spellcasting   | |  2.0
Transmutations | |  1.7

Action                   |  1- 3 |  4- 6 || total
-------------------------+-------+-------++-------
Melee: Unarmed           |   134 |    52 ||   186
       Kick              |    10 |     3 ||    13
       Headbutt          |     7 |     4 ||    11
 Cast: Beastly Appendage |    10 |     6 ||    16
  Use: Scroll            |     2 |       ||     2
       Potion            |       |     2 ||     2
Armor: Robe              |    32 |     2 ||    34
Dodge: Dodged            |    90 |    23 ||   113

Table legend: (Time is in decaauts)
 A = Elapsed time spent in this place.
 B = Non-inter-level travel time spent in this place.
 C = Inter-level travel time spent in this place.
 D = Time resting spent in this place.
 E = Time spent auto-exploring this place.
 F = Levels seen in this place.
 G = Mean time per level.
                   A        B        C        D        E       F      G
               +--------+--------+--------+--------+--------+-----+--------+
         Total |   1849 |   1683 |    166 |     98 |   1249 |   3 |  616.3 |
       Dungeon |   1849 |   1683 |    166 |     98 |   1249 |   3 |  616.3 |
               +--------+--------+--------+--------+--------+-----+--------+

Top non-repeatable levels by time:
     D:1: 1086 daAuts
     D:2: 603 daAuts
     D:3: 160 daAuts
